 Dungeon Crawl Stone Soup version 0.30-b1-2-g02819fbbbe (webtiles) character file.

Game seed: 12922717203373559244

1330 Turgor the Cleaver (level 8, -1/73 HPs)
             Began as a Minotaur Fighter on May 12, 2023.
             Was a Believer of Okawaru.
             Slain by an iguana (8 damage)
             ... on level 6 of the Dungeon.
             The game lasted 00:11:58 (4681 turns).

Turgor the Cleaver (Minotaur Fighter)               Turns: 4681, Time: 00:11:59

Health: -1/73      AC: 10    Str: 22    XL:     8   Next: 34%
Magic:  7/7        EV:  8    Int: 11    God:    Okawaru [**....]
Gold:   154        SH:  4    Dex: 11    Spells: 7/7 levels left

rFire   . . .        a - +0 war axe
rCold   . . .        c - +0 buckler
rNeg    . . .        j - +0 chain mail
rPois   .            (helmet restricted)
rElec   .            (no cloak)
rCorr   .            (no gloves)
SInv    .            y - +0 pair of boots
Will    .....        C - amulet of regeneration Stlth
                     b - +6 ring of intelligence
HPRegen 1.12/turn    (no ring)
MPRegen 0.10/turn

%: no passive effects
@: invisible
A: horns 2, retaliatory headbutt
a: Renounce Religion, Heroism


You were on level 6 of the Dungeon.
You worshipped Okawaru.
Okawaru was pleased with you.
You visited 2 branches of the dungeon, and saw 7 of its levels.

You collected 224 gold pieces.
You spent 70 gold pieces at shops.

Inventory:

Hand Weapons
 a - a +0 war axe (weapon)
 w - a +0 flail of holy wrath
Missiles
 h - 34 stones
 l - 5 curare-tipped darts (quivered)
 q - 3 atropa-tipped darts
 s - 5 poisoned darts
Armour
 c - a +0 buckler (worn)
 j - a +0 chain mail (worn)
 r - a scarf of invisibility
 y - a +0 pair of boots (worn)
Jewellery
 b - a +6 ring of intelligence (left hand)
 C - an amulet of regeneration (around neck)
Wands
 m - a wand of iceblast (11)
Scrolls
 f - a scroll of enchant weapon {unknown}
 i - a scroll of blinking {unknown}
 k - a scroll of brand weapon {unknown}
 n - a scroll of butterflies {unknown}
 p - 3 scrolls of fear
 t - 2 scrolls of teleportation
 u - a scroll of fog
 z - a scroll of poison {unknown}
 B - a scroll of vulnerability {unknown}
Potions
 d - a potion of might
 e - a potion of lignification
 g - 2 potions of invisibility
 o - a potion of resistance


   Skills:
 + Level 7.0 Fighting
 * Level 8.9 Axes
 + Level 4.6 Throwing
 - Level 4.0 Armour
 - Level 4.0 Shields


You had 7 spell levels left.
You didn't know any spells.
Your spell library contained the following spells:

 Spells                   Type           Power      Damage    Failure   Level
 Lesser Beckoning         Tloc           0%         N/A       99%         2
 Gell's Gravitas          Tloc           0%         N/A       100%        3
 Ozocubu's Armour         Ice            0%         N/A       100%        3
 Portal Projectile        Hex/Tloc       0%         N/A       100%        3
 Teleport Other           Tloc           0%         N/A       100%        3
 Blade Hands              Tmut           0%         N/A       100%        5
 Ozocubu's Refrigeration  Ice            0%         4d7       100%        7
 Tukima's Dance           Hex            Unusable   N/A       N/A         3

Dungeon Overview and Level Annotations

Branches:
Dungeon (6/15)             Temple (1/1) D:4

Altars:
Ashenzari
Cheibriados
Dithmenos
Elyvilon
Fedhas
Gozag
Hepliaklqana
Kikubaaqudgha
Nemelex Xobeh
Okawaru
Ru
Uskayaw
Wu Jian
Xom
Yredelemnul
Zin
The Shining One

Shops:
D:1 (((=*


Innate Abilities, Weirdness & Mutations

You have a pair of horns on your head.
You reflexively headbutt those who attack you in melee.


Message History

The orc warrior hits you with a +2 trident of protection.
Unknown command.
You slash the orc warrior! Your headbutt misses the orc warrior.
The orc warrior is heavily wounded.
You hit the iguana. The iguana bites you!
The orc warrior hits you with a +2 trident of protection.
* * * LOW HITPOINT WARNING * * *
Unknown command.
It was a potion of invisibility.
You fade into invisibility!
The hound closely misses you. You block the iguana's attack.
The orc warrior hits you with a +2 trident of protection!
* * * LOW HITPOINT WARNING * * *
The hound bites you.
* * * LOW HITPOINT WARNING * * *
You feel better.
The iguana bites you but does no damage.
The orc warrior hits you with a +2 trident of protection.
* * * LOW HITPOINT WARNING * * *
You block the hound's attack.
Unknown command.
The hound bites you.
* * * LOW HITPOINT WARNING * * *
Unknown command.
You closely miss the hound. You headbutt the hound!
The hound is heavily wounded.
The hound barely misses you.
You slash the hound!
The hound is almost dead.
The hound bites you but does no damage. The hound bites you.
* * * LOW HITPOINT WARNING * * *
You hit the hound.
You kill the hound!
Okawaru accepts your kill. The iguana bites you!
* * * LOW HITPOINT WARNING * * *
You hit the iguana.
The iguana is severely wounded.
The iguana bites you!
You die...

..... .....#
..... .....#
.....####.....#
..?...........#
..............#
..............#
......)o......#
##l#.....#
#@.#.....#
#..#.....#
#..#.....#
#>.#.....#
#..#.....#
#..#....<#
#..#.....#
#..#.....#
#........#


You could see an orc warrior (unable to see you) and an iguana (unable to see
you).

Vanquished Creatures
  An ice beast (D:5)
  A black bear (D:5)
  A sky beast (D:4)
  2 centaurs (D:5)
  4 scorpions
  2 jellies
  2 hounds
  3 orc priests
  Jessica (D:3)
  3 iguanas
  5 orc wizards
  8 gnolls
  5 adders
  An ufetubus (D:5)
  9 orcs
  7 endoplasms
  6 giant cockroaches
  6 hobgoblins
  10 jackals
  7 kobolds
  3 quokkas
  4 ball pythons
  7 bats
  2 frilled lizards
  8 goblins
  3 rats
111 creatures vanquished.

Notes
Turn   | Place    | Note
-------+----------+-------------------------------------------
     0 | D:1      | Turgor the Minotaur Fighter began the quest for the Orb.
     0 | D:1      | Reached XP level 1. HP: 19/19 MP: 0/0
    12 | D:1      | Noticed a minotaur skeleton
    16 | D:1      | Noticed a minotaur skeleton
    18 | D:1      | Noticed a minotaur skeleton
    40 | D:1      | Found Uxtafiutt's General Store.
   297 | D:1      | Found Vootwef's Jewellery Shop.
   309 | D:1      | Found Anioqy's Weapon Shop.
   338 | D:1      | Reached XP level 2. HP: 17/27 MP: 1/1
   388 | D:1      | Found Tagemut's Weapon Shoppe.
   471 | D:1      | Found Diesodysch's Antique Weapon Shop.
   478 | D:1      | Reached skill level 3 in Axes
   856 | D:2      | Reached XP level 3. HP: 33/33 MP: 2/2
  1099 | D:2      | Found a shadowy altar of Dithmenos.
  1535 | D:3      | Reached skill level 4 in Axes
  1535 | D:3      | Reached skill level 1 in Throwing
  1535 | D:3      | Reached XP level 4. HP: 30/40 MP: 3/3
  1962 | D:1      | Bought a scroll of teleportation for 30 gold pieces
  1962 | D:1      | Bought a scroll of fog for 40 gold pieces
  2046 | D:3      | Noticed Jessica
  2050 | D:3      | Killed Jessica
  2104 | D:3      | Reached XP level 5. HP: 47/47 MP: 4/4
  2151 | D:3      | Found a blossoming altar of Fedhas.
  2165 | D:3      | Reached skill level 5 in Axes
  2283 | D:3      | Reached skill level 5 in Fighting
  2543 | D:3      | Found a hazy altar of Hepliaklqana.
  2588 | D:4      | Found a staircase to the Ecumenical Temple.
  2594 | Temple   | Entered the Ecumenical Temple
  2627 | Temple   | Became a worshipper of Warmaster Okawaru
  2680 | D:4      | Reached XP level 6. HP: 56/56 MP: 5/5
  2746 | D:4      | Noticed a sky beast
  2756 | D:4      | Killed a sky beast
  2757 | D:4      | Reached skill level 6 in Axes
  2850 | D:4      | Reached * piety under Okawaru
  3138 | D:4      | Reached XP level 7. HP: 62/62 MP: 6/6
  3434 | D:5      | Entered Level 5 of the Dungeon
  3516 | D:5      | Reached skill level 7 in Axes
  3928 | D:5      | Reached ** piety under Okawaru
  3929 | D:5      | Reached skill level 8 in Axes
  3957 | D:5      | Reached XP level 8. HP: 48/71 MP: 7/7
  4528 | D:5      | Found a glowing golden altar of the Shining One.
  4617 | D:5      | Found an opulent altar of Gozag.
  4681 | D:6      | Slain by an iguana

Illustrated notes

Levels and vault maps discovered:
D:1:      shiori_arrival_whats_in_store_for_you, layout_loops_ring,
          serial_shops, nicolae_shop_waterfront, shop, shop,
          nicolae_shop_tiny_waterfront, nicolae_shop_tiny_statue_garden
D:2:      layout_loops_corners, basic_altar, patterned_corridor
D:3:      layout_rooms, fedhas_altar_1, nzn_hepliaklqana_mist_gate, uniq_jessica
D:4:      layout_gridville, minmay_temple_entry_enclosed_plants,
          minmay_checkerbox
D:5:      layout_basic, nicolae_tso_carved_into_rock, lemuel_tele_altar
D:6:      layout_gridville, mainiacjoe_overflow_24_doors, uniq_eustachio
Temple:   nicolae_temple_godzebo

Skill      XL: |  1  2  3  4  5  6  7  8 |
---------------+-------------------------+-----
Axes           | 3 4 5 6 8 |  8.9
Fighting       | 4 5 6 7 |  7.0
Armour         | 4 |  4.0
Shields        | 4 |  4.0
Throwing       | 1 2 3 4 |  4.6

Action                     |  1- 3 |  4- 6 |  7- 9 || total
---------------------------+-------+-------+-------++-------
  Melee: War axe           |    62 |   105 |    86 ||   253
         Headbutt          |     7 |    15 |    15 ||    37
  Throw: Dart              |       |     2 |       ||     2
  Evoke: Wand              |       |       |     2 ||     2
    Use: Scroll            |       |     2 |     3 ||     5
         Potion            |       |       |     2 ||     2
 Armour: Scale mail        |    33 |    36 |     7 ||    76
         Chain mail        |       |       |    50 ||    50
  Dodge: Dodged            |    31 |    45 |    34 ||   110
  Block: Buckler           |    10 |    33 |    24 ||    67
